 Dungeon Crawl Stone Soup version 0.29.1-13-g9f3cf754e1 (webtiles) character file.

Game seed: 13624287379064067891

10 bjubeck the Magician (level 2, 22/22 HPs)
             Began as a Djinni Fire Elementalist on Feb 2, 2023.
             Quit the game on level 1 of the Dungeon.
             The game lasted 00:03:27 (504 turns).

bjubeck the Magician (Djinni Fire Elementalist)      Turns: 504, Time: 00:03:28

Health: 22/22      AC:  2    Str:  7    XL:     2   Next: 30%
Gold:   23         EV: 12    Int: 16    God:
                   SH:  0    Dex: 13

rFire   + + .      SeeInvis .   (no weapon)
rCold   x . .      Faith    .   (no shield)
rNeg    . . .      Spirit   .   a - +0 robe
rPois   ∞          Reflect  .   (no helmet)
rElec   .          Harm     .   (no cloak)
rCorr   .          Rampage  .   (no gloves)
Will    .....                   (boots unavailable)
Stlth   ++........              (no amulet)
HPRegen 0.07/turn               (no ring)
MPRegen 0.00/turn               (no ring)

@: flying
A: sickness immunity, fire resistance 2, cold vulnerability 1, float, innate
caster, HP casting, extra vitality 1
a: no special abilities


You were on level 1 of the Dungeon.
You visited 1 branch of the dungeon, and saw 1 of its levels.

You collected 23 gold pieces.

Inventory:

Armour
 a - a +0 robe (worn)
Scrolls
 b - a scroll of magic mapping {unknown}
 e - a scroll of poison {unknown}
Potions
 c - a potion of resistance {unknown}
 d - 2 potions of curing {unknown}


   Skills:
 + Level 0.8 Fighting
 + Level 2.5 Dodging
 - Level 1.5 Stealth
 + Level 2.5 Spellcasting


You couldn't memorise any spells.
You knew the following spells:

 Your Spells              Type           Power      Damage    Failure   Level
a - Foxfire               Conj/Fire      40%        2x1d6     7%          1
b - Scorch                Fire           20%        2d6       11%         2
c - Conjure Flame         Conj/Fire      10%        6-21      21%         3
d - Inner Flame           Hex/Fire       10%        N/A       21%         3
e - Flame Wave            Conj/Fire      10%        2d6       56%         4
Your spell library was empty.

Dungeon Overview and Level Annotations

Branches:
Dungeon (1/15)

Altars:


Innate Abilities, Weirdness & Mutations

You are immune to sickness and miasma.
You are immune to poison.
Your flesh is very heat resistant. (rF++)
You are vulnerable to cold. (rC-)
You float through the air rather than walking.
You learn spells naturally, not from books.
Your magical power is your life essence.
You have superior vitality. (+4 MHP)


Message History

Gang up on whom?
Press: ? - help, Dir - move target, f - ball python
Aim: a ball python (severely wounded, ally target) Attack!
The foxfire hits the ball python.
You kill the ball python!
You start resting.
HP restored.
You reach down and open the door.
There is an open door here.
You now have 23 gold pieces (gained 9).
You reach down and open the door.
There is an open door here.
Found a ring mail.
Found 4 poisoned darts.
A kobold comes into view. It is wielding a +0 dagger.
Casting: Foxfire (safe; 7% risk of failure)
Confirm with . or Enter, or press ? or * to list all spells.
You conjure some foxfire!
The kobold shouts!
What are your orders? t - Shout!
Orders for allies: a - Attack new target. r - Retreat! s - Stop attacking. g - Guard the area. f - Follow me.
Anything else - Cancel.
Gang up on whom?
Press: ? - help, Dir - move target, f - kobold
Aim: a kobold, wielding a +0 dagger (wisps of flame) Attack!
The foxfire hits the kobold.
The kobold is moderately wounded.
The foxfire hits the kobold.
You kill the kobold!
Things that are here:
a +0 dagger; a kobold corpse
Found a faded altar of an unknown god.
You see here a +0 ring mail.
There is a dry fountain here.
There is a dry fountain here.
e - a scroll labelled BYWKIA MUIGUJY Are you sure you want to abandon this character and quit the game? (Confirm with "yes".)

#...##
#.......#
.....##
#######.#
......## ##.
#.# .......#
##...##.######.
.......+
...............
.......#
#....##.#.####.
......# #.#.
#.#.# .....## #
###.# # #...##
#..@# ##'##
#.###
##.####### #.
#.#.#.#.. #
........#
#.#.#.###
.......#
#.#†#.####...
...........8#


There were no monsters in sight!

Vanquished Creatures
  A dart slug (D:1)
  2 ball pythons (D:1)
  A bat (D:1)
  A frilled lizard (D:1)
  2 kobolds (D:1)
  A rat (D:1)
8 creatures vanquished.

Vanquished Creatures (others)
  15 foxfires (D:1)
15 creatures vanquished.

Grand Total: 23 creatures vanquished

Notes
Turn   | Place    | Note
-------+----------+-------------------------------------------
     0 | D:1      | bjubeck the Djinni Fire Elementalist began the quest for
                  | the Orb.
     0 | D:1      | bjubeck set off with the following spells memorised:
                  | Foxfire, Scorch, Conjure Flame, Inner Flame, Flame Wave.
     0 | D:1      | Reached XP level 1. HP: 15/15 MP: 0/0
   224 | D:1      | Reached XP level 2. HP: 12/22 MP: 0/0
   452 | D:1      | Found a faded altar of an unknown god.
   504 | D:1      | Quit the game

Illustrated notes

Levels and vault maps discovered:
D:1:      onia_arrival_mini_maze, layout_loops_corners,
          hellmonk_ecumenical_altar_run_dry, minmay_statues_item, st_stairs_12

Action                   || total
-------------------------++-------
 Cast: Foxfire           ||    11
Armor: Robe              ||     2
Dodge: Dodged            ||     2
